 Dungeon Crawl Stone Soup version 0.28-b1-25-g9875b3fc8c (webtiles) character file.

Game seed: 6471209883819776464

79 AttackBeaver the Grasshopper (level 4, 0/38 HPs)
             Began as a Gnoll Warper on Feb 5, 2022.
             Succumbed to a water moccasin's poison
             ... on level 5 of the Dungeon.
             The game lasted 00:14:49 (1901 turns).

AttackBeaver the Grasshopper (Gnoll Warper)         Turns: 1901, Time: 00:14:50

Health: 0/38       AC:  6    Str: 19    XL:     4   Next: 37%
Magic:  5/11       EV: 12    Int: 17    God:
Gold:   58         SH:  0    Dex: 11    Spells: 8/13 levels left

rFire   . . .      SeeInvis .   j - +6 short sword of Dust {vorpal, Str+6 Int+5}
rCold   . . .      Faith    .   (no shield)
rNeg    . . .      Spirit   +   g - +0 ring mail
rPois   .          Reflect  .   (no helmet)
rElec   .          Harm     .   (no cloak)
rCorr   .          Rampage  .   l - +0 pair of gloves
Will    .....                   (no boots)
Stlth   +.........              h - amulet of guardian spirit
HPRegen 0.12/turn               (no ring)
MPRegen 0.12/turn               (no ring)

@: lethally poisoned (0 -> -1)
A: fangs 1, strong nose, distributed training
a: no special abilities


You were on level 5 of the Dungeon.
You visited 1 branch of the dungeon, and saw 5 of its levels.

You collected 58 gold pieces.

Inventory:

Hand Weapons
 a - a +0 falchion
 j - the +6 short sword of Dust (weapon) {vorpal, Str+6 Int+5}
   (You found it on level 2 of the Dungeon)

   It inflicts extra damage upon your enemies.
   Str:       It affects your strength (+6).
   Int:       It affects your intelligence (+5).
Missiles
 d - 5 boomerangs of dispersal (quivered)
Armour
 b - a +0 leather armour
 g - a +0 ring mail (worn)
 l - a +0 pair of gloves (worn)
 p - a +0 plate armour
Jewellery
 h - an amulet of guardian spirit (around neck)
Scrolls
 c - a scroll of blinking
 f - a scroll of enchant weapon {unknown}
 m - a scroll of vulnerability {unknown}
 n - a scroll of fear {unknown}
 o - a scroll of amnesia {unknown}
Potions
 e - a potion of attraction {unknown}
 i - a potion of brilliance {unknown}
 k - a potion of curing {unknown}


   Skills:
 + Level 4.6 Fighting
 + Level 1.1 Short Blades
 + Level 4.6 Long Blades
 + Level 1.1 Axes
 + Level 1.1 Maces & Flails
 + Level 1.1 Polearms
 + Level 1.1 Staves
 + Level 1.1 Slings
 + Level 1.1 Bows
 + Level 1.1 Crossbows
 + Level 2.7 Throwing
 + Level 2.7 Armour
 + Level 4.6 Dodging
 + Level 1.1 Stealth
 + Level 1.1 Shields
 + Level 1.1 Unarmed Combat
 + Level 5.0 Spellcasting
 + Level 0.8 Conjurations
 + Level 0.8 Hexes
 + Level 0.8 Summonings
 + Level 0.8 Necromancy
 + Level 5.4 Translocations
 + Level 0.8 Transmutations
 + Level 0.8 Fire Magic
 + Level 0.8 Ice Magic
 + Level 0.8 Air Magic
 + Level 0.8 Earth Magic
 + Level 0.8 Poison Magic
 + Level 1.2 Invocations
 + Level 1.1 Evocations


You had 8 spell levels left.
You knew the following spells:

 Your Spells              Type           Power      Damage    Failure   Level
a - Blink                 Tloc           44%        N/A       3%          2
b - Gell's Gravitas       Tloc           22%        N/A       8%          3

Your spell library contained the following spells:

 Spells                   Type           Power      Damage    Failure   Level
 Lesser Beckoning         Tloc           22%        N/A       8%          3
 Teleport Other           Tloc           22%        N/A       8%          3
 Manifold Assault         Tloc           22%        N/A       56%         5


Dungeon Overview and Level Annotations

Branches:
Dungeon (6/15)             Temple (0/1) D:6

Altars:
Xom


Innate Abilities, Weirdness & Mutations

You have very sharp teeth.
Your uncanny sense of smell can sniff out nearby items.
Your experience applies equally to all skills.


Message History

The water moccasin poisons you!
You feel very sick. The water moccasin misses you.
Found a stone staircase leading up.
You feel very sick. The water moccasin barely misses you.
You feel sick.
You feel sick. The water moccasin bites you!
You are more poisoned.
The water moccasin poisons you!
There is a stone staircase leading up, spattered with blood here.
You feel very sick. The water moccasin bites you.
You climb upwards.
You feel very sick.
There is a stone staircase leading down here.
* * * LOW HITPOINT WARNING * * *
You feel very sick. The water moccasin closely misses you.
* * * LOW HITPOINT WARNING * * *
You feel sick. The water moccasin barely misses you.
* * * LOW HITPOINT WARNING * * *
You feel sick.
* * * LOW HITPOINT WARNING * * *
You feel sick. The water moccasin misses you.
Casting: Blink (safe; 3% risk of failure)
Confirm with . or Enter, or press ? or * to list all spells.
You blink.
* * * LOW HITPOINT WARNING * * *
You feel sick.
* * * LOW HITPOINT WARNING * * *
You feel sick. The centaur skeleton hits you.
* * * LOW HITPOINT WARNING * * *
The centaur skeleton kicks you but does no damage.
* * * LOW HITPOINT WARNING * * *
You feel sick.
You feel stable enough to blink again.
* * * LOW HITPOINT WARNING * * *
You feel sick.
You die...

..# .# ## ..#
.# #. ..# .# #
#. #.# .# #.
#. ##.####.###
#.#. #.....
...
#..###..####.#
#.....ZS..@.#
#.####.#####.#
#. #.# ∆.# ..
#.# .. ## #.#
##. #.# #. #.#
#. #.# ..


You could see a water moccasin and a centaur skeleton.

Vanquished Creatures
  3 gnolls (D:2)
  2 dart slugs (D:1)
  3 bats
  3 endoplasms
  3 giant cockroaches
  2 goblins
  4 hobgoblins
  6 jackals
  6 kobolds (D:1)
  A quokka (D:1)
  3 ball pythons
  4 frilled lizards (D:2)
  2 rats
42 creatures vanquished.

Notes
Turn   | Place    | Note
-------+----------+-------------------------------------------
     0 | D:1      | AttackBeaver the Gnoll Warper began the quest for the Orb.
     0 | D:1      | Reached XP level 1. HP: 20/20 MP: 6/6
   190 | D:1      | Reached XP level 2. HP: 20/26 MP: 7/7
   414 | D:1      | Reached XP level 3. HP: 25/31 MP: 9/9
   493 | D:1      | Learned a level 2 spell: Blink
   500 | D:1      | Learned a level 3 spell: Gell's Gravitas
   509 | D:1      | Reached skill level 5 in Spellcasting
   939 | D:2      | Reached skill level 1 in Invocations
  1007 | D:2      | Found a shimmering altar of Xom.
  1122 | D:2      | Identified the +6 short sword of Dust {vorpal, Str+6 Int+5}
  1507 | D:2      | Reached skill level 1 in Short Blades
  1507 | D:2      | Reached skill level 1 in Axes
  1507 | D:2      | Reached skill level 1 in Maces & Flails
  1507 | D:2      | Reached skill level 1 in Polearms
  1507 | D:2      | Reached skill level 1 in Staves
  1507 | D:2      | Reached skill level 1 in Slings
  1507 | D:2      | Reached skill level 1 in Bows
  1507 | D:2      | Reached skill level 1 in Crossbows
  1507 | D:2      | Reached skill level 1 in Stealth
  1507 | D:2      | Reached skill level 1 in Shields
  1507 | D:2      | Reached skill level 1 in Unarmed Combat
  1507 | D:2      | Reached skill level 1 in Evocations
  1530 | D:2      | Reached XP level 4. HP: 13/38 MP: 4/11
  1873 | D:3      | You fall into a shaft and drop 3 floors!
  1873 | D:6      | Noticed an ogre
  1873 | D:6      | Found a staircase to the Ecumenical Temple.
  1875 | D:6      | Noticed an ice beast
  1885 | D:6      | Noticed a water moccasin
  1892 | D:5      | Entered Level 5 of the Dungeon
  1900 | D:5      | HP: 1/38 [poisoned by a water moccasin]
  1901 | D:5      | Succumbed to a water moccasin's poison

Illustrated notes

Levels and vault maps discovered:
D:1:      sevenhm_arrival_forest_fort_small_3, layout_loops_ring, hex_medium
D:2:      layout_basic, basic_altar
D:3:      layout_loops_cross, mainiacjoe_overflow_paths,
          shapermc_ecumenical_altar_mp_vishouse, chequers_arboretum,
          chequers_serial_rivers_small_b, uniq_robin
D:5:      layout_loops_ring, regret_index_temple_of_mockery,
          nicolae_qazlal_scattered_showers, serial_shops, shop_statue,
          minmay_strange_pillars
D:6:      layout_loops_ring, mainiacjoe_overflow_divided_tiny,
          minmay_temple_entry_mini_moons, uniq_sigmund

Skill      XL: |  1  2  3 |
---------------+----------+-----
Spellcasting   | 5 |  5.0
Invocations    | 1 |  1.2
Short Blades   | 1 |  1.1
Axes           | 1 |  1.1
Maces & Flails | 1 |  1.1
Polearms       | 1 |  1.1
Staves         | 1 |  1.1
Slings         | 1 |  1.1
Bows           | 1 |  1.1
Crossbows      | 1 |  1.1
Stealth        | 1 |  1.1
Shields        | 1 |  1.1
Unarmed Combat | 1 |  1.1
Evocations     | 1 |  1.1
Fighting       | |  4.6
Long Blades    | |  4.6
Throwing       | |  2.7
Armour         | |  2.7
Dodging        | |  4.6
Conjurations   | |  0.8
Hexes          | |  0.8
Summonings     | |  0.8
Necromancy     | |  0.8
Translocations | |  5.4
Transmutations | |  0.8
Fire Magic     | |  0.8
Ice Magic      | |  0.8
Air Magic      | |  0.8
Earth Magic    | |  0.8
Poison Magic   | |  0.8

Action                   |  1- 3 |  4- 6 || total
-------------------------+-------+-------++-------
Melee: Falchion          |    80 |       ||    80
       Bite              |    10 |       ||    10
       Punch             |     1 |       ||     1
       Short sword       |    24 |     6 ||    30
 Cast: Blink             |     1 |     1 ||     2
Armor: Leather armour    |    21 |       ||    21
       Ring mail         |     3 |     1 ||     4
Dodge: Dodged            |    55 |     9 ||    64
